[Event "*** SCC Grand Prix: Titled Tuesday Blitz"]
[Site "Chess.com"]
[Date "2020.08.11"]
[Round "7"]
[White "keepitcool9499"]
[Black "M1711"]
[Result "1-0"]
[WhiteElo "2656"]
[BlackElo "2463"]
[TimeControl "180+1"]
[EndTime "11:17:28 PDT"]
[Termination "keepitcool9499 won on time"]

1. d4 Nf6 2. c4 e6 3. Nc3 Bb4 4. Bd2 O-O 5. e3 d5 6. Nf3 b6 7. cxd5 exd5 8. Bd3 Bb7 9. Rc1 Re8 10. O-O Nbd7 11.
Nb5 Bxd2 12. Nxd2 Ba6 13. Nb3 Rc8 14. Nxa7 Ra8 15. Nc6 Qc8 16. a3 Ne4 17. Bxa6 Qxa6 18. Nb4 Qb7 19. Nd2 c5 20. dxc5 bxc5 21. Nxe4 dxe4 22.
Qd5 Rab8 23. Rfd1 cxb4 24. Qxd7 bxa3 25. bxa3 Qxd7 26. Rxd7 Rb3 27. Ra7 h5 28. h4 Re6 29.
Rc8+ Kh7 30. Rxf7 Rxa3 31. Rcc7 Rg6 32. Rf5 Ra1+ 33. Kh2 Rh6 34. Rg5 Rg6 35. Rxh5+ Kg8 36. Rc8+ Kf7 37. Rf5+ Ke6 38. Rf4 Ra4 39. Re8+ Kd5 40.
Rf5+ Kd6 41. Rf4 Kd5 42. Rd8+ Ke5 43. g3 Rb4 44. Kg2 Ra6 45. Rg4 1-0

[Event "*** SCC Grand Prix: Titled Tuesday Blitz"]
[Site "Chess.com"]
[Date "2020.08.11"]
[Round "7"]
[White "Grineva_Marianna"]
[Black "MFBerna"]
[Result "0-1"]
[WhiteElo "2202"]
[BlackElo "2400"]
[TimeControl "180+1"]
[EndTime "11:17:28 PDT"]
[Termination "MFBerna won on time"]

1. e4 c5 2. Nf3 d6 3. d4 cxd4 4. Nxd4 Nf6 5. Nc3 Nc6 6. f3 e5 7.
Nb3 Be7 8. Be3 Be6 9. Nd5 O-O 10. Qd2 Bxd5 11. exd5 Nb8 12. g4 Nbd7 13. g5 Nh5 14. h4 f5 15. O-O-O Rc8 16. Kb1 Qc7 17. Bd3 a6 18. c3 b5 19. a3 Nb6 20. Na5 Nxd5 21. Bc4 bxc4 22. Qxd5+ Kh8 23. Ka1 Rfd8 24. Rh2 Bf8 25. Rhd2 Rd7 26. Qe6 Rdd8 27. Rd5 g6 28. f4 Ng7 29. Qf6 Be7 30. Qf7 Rf8 31. Qxf8+ Bxf8 32. fxe5 dxe5 33. R1d2 Ne6 34. Ka2 Rd8 35. Rxd8 Nxd8 36.
Rd5 Nc6 37. Nxc4 Nb4+ 0-1

[Event "*** SCC Grand Prix: Titled Tuesday Blitz"]
[Site "Chess.com"]
[Date "2020.08.11"]
[Round "7"]
[White "LyonBeast"]
[Black "Sanan_Sjugirov"]
[Result "1-0"]
[WhiteElo "3028"]
[BlackElo "2845"]
[TimeControl "180+1"]
[EndTime "11:17:29 PDT"]
[Termination "LyonBeast won by resignation"]

1. e4 c5 2. Nf3 Nc6 3. c3 Nf6 4. e5 Nd5 5. Bc4 Nb6 6. Bb3 d5 7. exd6 c4 8. Bc2 Qxd6 9. O-O Bg4 10. Re1 O-O-O 11. b3 e5 12. h3 Bh5 13. bxc4 Nxc4 14.
d3 Nb6 15. Nbd2 Qc7 16. Ne4 Be7 17. Ng3 Bg6 18. Qe2 Rhe8 19. c4 Bb4 20. Rd1 f5 21. Rb1 Bc5 22. Rb5 Nd4 23. Nxd4 Bxd4 24. Bb2 a6 25. Rb3 Na4 26. Ba1 Nc5 27. Ra3 f4 28.
Nf1 Bxa1 29. Rxa1 Ne6 30. Nd2 Nd4 31. Qd1 Qc5 32. Ra4 e4 33. dxe4 f3 34. Nxf3 Bh5 35.
g4 Rf8 36. Nxd4 Rxd4 37. Qe1 Be8 38. Ra5 Qc7 39. Rf5 Rxf5 40. exf5 Bc6 41. Rd1 Rxc4 42. Qe6+ Bd7 43. Rxd7 1-0

[Event "*** SCC Grand Prix: Titled Tuesday Blitz"]
[Site "Chess.com"]
[Date "2020.08.11"]
[Round "7"]
[White "PSvidler"]
[Black "swimmerchess"]
[Result "1-0"]
[WhiteElo "2945"]
[BlackElo "2833"]
[TimeControl "180+1"]
[EndTime "11:17:30 PDT"]
[Termination "PSvidler won by resignation"]

1. c4 Nf6 2. g3 g6 3. Bg2 Bg7 4. d4 O-O 5. Nc3 d6 6. Nf3 Nbd7 7. O-O e5 8. e4 exd4 9. Nxd4 Re8 10. b3 a6 11. Re1 Rb8 12. Rb1 c5 13. Nc2 b5 14.
cxb5 axb5 15. b4 Ng4 16. Bb2 Nge5 17. Nd5 Nb6 18. Nce3 c4 19. Nxb6 Qxb6 20. Nd5 Qa7 21. Bc3 Nd3 22. Rf1 Bxc3 23. Nxc3 f5 24. Qd2 Rf8 25.
exf5 Bxf5 26. Bd5+ Kh8 27. Qe3 Qg7 28. Nxb5 Rxb5 29. Bxc4 Re5 30. Qd2 Re4 31. Bxd3 Rd4 32. Rb3 Qe5 33. Re1 Qd5 34. Qb2 Bh3 35. Re4 1-0

[Event "*** SCC Grand Prix: Titled Tuesday Blitz"]
[Site "Chess.com"]
[Date "2020.08.11"]
[Round "7"]
[White "MarcoRiehle"]
[Black "pedromartinez91"]
[Result "0-1"]
[WhiteElo "2729"]
[BlackElo "2582"]
[TimeControl "180+1"]
[EndTime "11:17:30 PDT"]
[Termination "pedromartinez91 won by resignation"]

1. e4 b6 2. d4 Bb7 3. Bd3 e6 4.
Nf3 d5 5. e5 c5 6. c3 Ne7 7.
O-O Qd7 8. Qe2 a5 9. Ng5 Ba6 10. f4 Bxd3 11. Qxd3 h6 12. Nh3 Nbc6 13. Be3 Nf5 14. Bf2 cxd4 15. cxd4 Nfxd4 16. Nc3 Bc5 17. Rac1 O-O 18. a4 Nf5 19. Nb5 Nb4 20. Qb1 Rfc8 21.
g4 Ne3 22. Rfe1 Nxg4 23. Bxc5 Rxc5 24. Rxc5 bxc5 25. Qd1 f5 26. exf6 Nxf6 27. f5 exf5 28. Nf4 Re8 29. Rf1 Re4 30. Nc3 Rd4 31. Qf3 Qe8 32.
Nfe2 Rg4+ 33. Kh1 d4 34. Nb5 Qe4 35. Nd6 Qxf3+ 36. Rxf3 g6 37. h3 Rh4 38. Nf4 Ne4 39.
Nc4 Kf7 40. Ne5+ Kf6 41. Nfxg6 Rh5 42. Nf4 Rg5 43. Nd7+ Ke7 44. Ne5 Rg3 45. Rf1 Rb3 46. Nc4 Ng3+ 47. Kg2 Nxf1 48. Nd5+ Nxd5 0-1

[Event "*** SCC Grand Prix: Titled Tuesday Blitz"]
[Site "Chess.com"]
[Date "2020.08.11"]
[Round "7"]
[White "ace_mar"]
[Black "annamaja"]
[Result "1-0"]
[WhiteElo "2465"]
[BlackElo "2258"]
[TimeControl "180+1"]
[EndTime "11:17:30 PDT"]
[Termination "ace_mar won on time"]

1. d4 d5 2. c4 c6 3. Nf3 Nf6 4. e3 e6 5. b3 Bd6 6. Bb2 Nbd7 7. Bd3 O-O 8. O-O Qc7 9. Nc3 b6 10. Qe2 e5 11. dxe5 Nxe5 12. Nxe5 Bxe5 13. h3 Be6 14.
Rac1 d4 15. exd4 Bxd4 16. Nb5 cxb5 17. Bxd4 bxc4 18. bxc4 Ne8 19. Be5 Qe7 20. Rfd1 Rd8 21. Bg3 g6 22. Be4 Ng7 23. Bd5 Qg5 24. Qf3 Bxd5 25. cxd5 Nf5 26. Bf4 Qf6 27. Rc7 Rfe8 28. Kh1 Nd4 29. Qg4 Rxd5 30. Be3 1-0

[Event "*** SCC Grand Prix: Titled Tuesday Blitz"]
[Site "Chess.com"]
[Date "2020.08.11"]
[Round "7"]
[White "Duong57"]
[Black "DonPreuss"]
[Result "0-1"]
[WhiteElo "2324"]
[BlackElo "2212"]
[TimeControl "180+1"]
[EndTime "11:17:30 PDT"]
[Termination "DonPreuss won on time"]

1. d4 Nc6 2. Nf3 d6 3. c4 e5 4.
d5 Nb8 5. Nc3 Be7 6. e4 f5 7.
Bd3 f4 8. c5 Nf6 9. O-O O-O 10.
cxd6 cxd6 11. Be2 Bg4 12. Ng5 Bxe2 13. Qxe2 Qd7 14. Ne6 Rc8 15. Bd2 Na6 16. Rfc1 Nc5 17. Nxc5 Rxc5 18. b4 Rcc8 19. a4 g5 20. a5 g4 21. a6 b6 22. b5 Kh8 23. f3 Rg8 24.
Ra4 Rg6 25. Rc4 Rag8 26. fxg4 Rxg4 27. Rc2 Rxg2+ 28. Qxg2 Rxg2+ 29. Kxg2 Qg4+ 30. Kf2 Qh5 31. Kg1 Qf3 32. Be1 Ng4 33. Rc8+ Kg7 34. Rg2 Kf6 35. Bd2 h5 36. Rh8 Qh3 0-1

[Event "*** SCC Grand Prix: Titled Tuesday Blitz"]
[Site "Chess.com"]
[Date "2020.08.11"]
[Round "7"]
[White "northridgehawk"]
[Black "HrvojeZagreb"]
[Result "1-0"]
[WhiteElo "2314"]
[BlackElo "2126"]
[TimeControl "180+1"]
[EndTime "11:17:32 PDT"]
[Termination "northridgehawk won by resignation"]

1. e4 e6 2. Nc3 d5 3. d4 dxe4 4. Nxe4 Nd7 5. Bd3 Ngf6 6. Qe2 b6 7. Nf3 Bb7 8. O-O Be7 9. Rd1 O-O 10. Bf4 Nxe4 11.
Bxe4 Bxe4 12. Qxe4 Nf6 13. Qe2 h6 14. Ne5 Qd5 15. c4 Qe4 16. Qxe4 Nxe4 17. f3 Nf6 18. a3 a5 19. Rd2 Nh5 20. Be3 Bg5 21. Kf2 Rfd8 22. Rad1 Rd6 23. g3 Bxe3+ 24. Kxe3 Rad8 25. f4 f5 26. b4 axb4 27. axb4 Nf6 28. Ra1 c5 29.
Nf3 cxd4+ 30. Rxd4 Ng4+ 31. Kd3 Rxd4+ 32. Nxd4 e5 33. fxe5 Nxe5+ 34. Kc3 g6 35. c5 bxc5 36. bxc5 Rc8 37. Ra5 Kf7 38. Kb4 Nd3+ 39. Kc4 Ne5+ 40. Kd5 Ng4 41. Ra7+ Kf6 42. c6 Nxh2 43. Rd7 Ng4 44.
Rd6+ Kf7 45. Nb5 Nf6+ 46. Kc5 Ne8 47. Rd7+ Kf6 48. Rh7 Kg5 49. Re7 h5 50. Nd6 Nxd6 51.
Kxd6 h4 52. gxh4+ Kxh4 53. c7 Rxc7 54. Rxc7 f4 55. Ke5 f3 56. Ke4 f2 57. Rf7 Kg3 58.
Ke3 g5 59. Rxf2 g4 60. Ke2 Kh3 61. Kf1 g3 62. Rf8 1-0

[Event "*** SCC Grand Prix: Titled Tuesday Blitz"]
[Site "Chess.com"]
[Date "2020.08.11"]
[Round "7"]
[White "Eternauta2400"]
[Black "Ave_Mariia"]
[Result "0-1"]
[WhiteElo "2496"]
[BlackElo "2401"]
[TimeControl "180+1"]
[EndTime "11:17:34 PDT"]
[Termination "Ave_Mariia won on time"]

1. e4 c5 2. Nf3 d6 3. Bb5+ Nd7 4. O-O Nf6 5. Re1 g6 6. c3 a6 7. Bd3 Bg7 8. Bc2 c4 9. b3 cxb3 10. axb3 O-O 11. d4 b5 12. Nbd2 Bb7 13. Nf1 Qc7 14. Bb2 e5 15. d5 Nc5 16. b4 Ncd7 17. Ne3 Nb6 18. Bb3 Nxe4 19. c4 bxc4 20. Rc1 c3 21.
Qd3 f5 22. Bxc3 Nxc3 23. Rxc3 Qe7 24. Qc2 e4 25. Rc7 Qd8 26. Rxb7 exf3 27. Nc4 Nxc4 28. Qxc4 Rc8 29. Qxa6 Qg5 30. Qf1 Rc3 31. Bd1 Be5 32. g3 Rfc8 33. h4 Qg4 34. Kh2 Bxg3+ 35. fxg3 Rc2+ 0-1

[Event "*** SCC Grand Prix: Titled Tuesday Blitz"]
[Site "Chess.com"]
[Date "2020.08.11"]
[Round "7"]
[White "PowerThinking2650"]
[Black "Rodalquilar"]
[Result "0-1"]
[WhiteElo "2439"]
[BlackElo "2614"]
[TimeControl "180+1"]
[EndTime "11:17:35 PDT"]
[Termination "Rodalquilar won on time"]

1. e4 d5 2. exd5 Qxd5 3. Nc3 Qa5 4. d4 Nf6 5. Nf3 Bf5 6. Bc4 e6 7. Bd2 Bb4 8. a3 Bxc3 9. Bxc3 Qb6 10. Qe2 O-O 11.
Nh4 Be4 12. O-O-O Nc6 13. Rhg1 Rad8 14. d5 exd5 15. Bxf6 gxf6 16. Ba2 Nd4 17. Qe3 c5 18. c3 Nb3+ 19. Bxb3 Qxb3 20. Qd2 Qa2 21. Qf4 Qb1+ 22. Kd2 Qxb2+ 23. Ke3 Qxc3+ 24. Ke2 Rfe8 25. f3 Bxf3+ 26.
Kf2 Bxd1 27. Rxd1 Re4 0-1

[Event "*** SCC Grand Prix: Titled Tuesday Blitz"]
[Site "Chess.com"]
[Date "2020.08.11"]
[Round "7"]
[White "Mikhail_Golubev"]
[Black "Ashedu66"]
[Result "1-0"]
[WhiteElo "2571"]
[BlackElo "2265"]
[TimeControl "180+1"]
[EndTime "11:17:35 PDT"]
[Termination "Mikhail_Golubev won on time"]

1. e4 e5 2. Nf3 Nc6 3. Nc3 Nf6 4. g3 d5 5. exd5 Nxd5 6. Bg2 Nxc3 7. bxc3 Qf6 8. d3 Bc5 9. O-O O-O 10. Ng5 Bb6 11. Kh1 h6 12. Ne4 Qg6 13. Ba3 Re8 14. f4 Bg4 15. Qd2 Rad8 16. Rae1 f5 17. Nf2 Bxf2 18.
Qxf2 e4 19. dxe4 fxe4 20. f5 Qf6 21. Bxe4 Na5 22. Bd5+ Kh7 23. Rxe8 Rxe8 24. Be6 c6 25. Bc5 b6 26. Bd4 Qg5 27. Bf7 Re2 28. Bg6+ Kh8 29. Re1 Qd2 30. Rxe2 Bxe2 31. Qf4 Qd1+ 32. Kg2 1-0

[Event "*** SCC Grand Prix: Titled Tuesday Blitz"]
[Site "Chess.com"]
[Date "2020.08.11"]
[Round "7"]
[White "profofchess"]
[Black "TimKett"]
[Result "1/2-1/2"]
[WhiteElo "2398"]
[BlackElo "2200"]
[TimeControl "180+1"]
[EndTime "11:17:35 PDT"]
[Termination "Game drawn by repetition"]

1. e4 e5 2. Nf3 Nc6 3. Nc3 Nf6 4.
Bb5 Nd4 5. Bc4 Nxf3+ 6. gxf3 c6 7. d4 exd4 8. Qxd4 d5 9. exd5 cxd5 10. Bb5+ Bd7 11.
Bxd7+ Qxd7 12. Bg5 Be7 13. O-O-O O-O 14. Rhg1 Kh8 15.
Nxd5 Nxd5 16. Bxe7 Rg8 17. Ba3 Rad8 18. b3 Qf5 19.
Bb2 f6 20. Qe4 Qxe4 21. fxe4 Nf4 22. Rd2 h5 23. Rgd1 Rxd2 24. Rxd2 Kh7 25. Rd7 Kg6 26.
Rxb7 Rd8 27. a4 Ne2+ 28. Kb1 Rd1+ 29. Ka2 Rd2 30. Rc7 Nf4 31. b4 Rxf2 32. b5 Rxh2 33. Rxa7 Ne6 34. b6 Nc5 35. Rc7 Na6 36. Ra7 Nc5 37.
Ra5 Nb7 38. Ra7 Nc5 1/2-1/2

[Event "*** SCC Grand Prix: Titled Tuesday Blitz"]
[Site "Chess.com"]
[Date "2020.08.11"]
[Round "7"]
[White "ShahMatKanal"]
[Black "ftorodent"]
[Result "0-1"]
[WhiteElo "2470"]
[BlackElo "2660"]
[TimeControl "180+1"]
[EndTime "11:17:37 PDT"]
[Termination "ftorodent won by resignation"]

1. d4 f5 2. Nc3 Nf6 3. Bg5 d5 4. Bxf6 exf6 5. e3 Be6 6. Qf3 Qd7 7. Bb5 Nc6 8. a3 a6 9. Bd3 Ne7 10. Nge2 g6 11. Nf4 Bf7 12. h3 h5 13. O-O-O h4 14.
g4 hxg3 15. fxg3 g5 16. Nfe2 O-O-O 17. g4 Be6 18. gxf5 Bxf5 19. Rdf1 Bxh3 20. Qxf6 Rg8 21. Rf2 Bg7 22. Qxg5 Bxd4 23. Qh6 Rh8 24. Qf4 Bc5 25.
Nd4 Kb8 26. Rfh2 Bd6 27. Qf6 Bxh2 28. Rxh2 Qd6 29. Qxd6 Rxd6 30. Nce2 Rdh6 31. Rf2 c5 32. Nf5 Rf6 33. Rf4 Bxf5 34. Ng3 Rhf8 35. Nh5 R6f7 0-1

[Event "*** SCC Grand Prix: Titled Tuesday Blitz"]
[Site "Chess.com"]
[Date "2020.08.11"]
[Round "7"]
[White "binbin239"]
[Black "GiantThresher"]
[Result "0-1"]
[WhiteElo "2549"]
[BlackElo "2721"]
[TimeControl "180+1"]
[EndTime "11:17:38 PDT"]
[Termination "GiantThresher won on time"]

1. d4 Nf6 2. c4 g6 3. Nf3 Bg7 4.
g3 O-O 5. Bg2 d6 6. O-O c6 7.
Nc3 Qb6 8. e4 Bg4 9. h3 Bxf3 10.
Bxf3 Nfd7 11. Ne2 c5 12. Be3 Nc6 13. dxc5 Nxc5 14. Rb1 Ne5 15. Bg2 Nxc4 16. b4 Nxe3 17. bxc5 Nxd1 18. cxb6 Nc3 19. Nxc3 Bxc3 20. Rfc1 Bf6 21.
bxa7 Rxa7 22. e5 Bxe5 23. Rxb7 Rxb7 24. Bxb7 Rb8 25. Rc7 Kf8 26. a4 Bc3 27. Bd5 Bd4 28. Bb7 Bc3 29. Bd5 Rb1+ 30. Kg2 Bd4 31. a5 Rb2 32. a6 Rxf2+ 33. Kh1 e6 34. Bc6 Rc2 35. Rc8+ Kg7 36. Rc7 Kf6 37. h4 h5 38. Rc8 Ke5 0-1

[Event "*** SCC Grand Prix: Titled Tuesday Blitz"]
[Site "Chess.com"]
[Date "2020.08.11"]
[Round "7"]
[White "Valeron87"]
[Black "Lion-Al-Messi"]
[Result "0-1"]
[WhiteElo "2351"]
[BlackElo "2501"]
[TimeControl "180+1"]
[EndTime "11:17:38 PDT"]
[Termination "Lion-Al-Messi won on time"]

1. e4 e6 2. Qe2 c5 3. Nf3 Nc6 4.
c3 Nge7 5. d4 d5 6. dxc5 dxe4 7.
Qxe4 Nd5 8. Bg5 f6 9. Bh4 Bxc5 10. Bd3 Bd7 11. O-O Qc7 12. Bg3 Bd6 13. c4 Ndb4 14. Nc3 Nxd3 15. Nb5 Bxg3 16. Nxc7+ Bxc7 17. Qxd3 O-O-O 18. Qc3 e5 19. b4 e4 20. b5 exf3 21. bxc6 Bxc6 22.
Rad1 fxg2 23. Rxd8+ Rxd8 24. Re1 Be5 25. Qh3+ Kb8 26.
Qxh7 g5 27. Qf5 a6 28. h3 Ka7 29. f3 Rd2 30. Rxe5 fxe5 31. Qxe5 Rd3 32. Qc5+ Ka8 33. Kxg2 Bxf3+ 34. Kf2 Bc6 35. Qf8+ Ka7 36. Qc5+ Kb8 37. Qf5 Rd2+ 38. Ke3 Rg2 39. Kd4 Ka7 40. Qc5+ Kb8 41. Qf8+ Ka7 42. a3 Rd2+ 43. Kc5 Rd3 44. Qe7 Rxa3 45.
Qc7 Rb3 0-1

[Event "*** SCC Grand Prix: Titled Tuesday Blitz"]
[Site "Chess.com"]
[Date "2020.08.11"]
[Round "7"]
[White "Srisshhhtea"]
[Black "MPGM"]
[Result "1-0"]
[WhiteElo "2349"]
[BlackElo "2446"]
[TimeControl "180+1"]
[EndTime "11:17:38 PDT"]
[Termination "Srisshhhtea won on time"]

1. d4 d5 2. c4 e6 3. Nf3 Nf6 4. g3 Bb4+ 5. Bd2 a5 6. Bg2 c5 7. cxd5 exd5 8. dxc5 O-O 9. O-O Bxc5 10. Qc2 Bb6 11.
Nc3 d4 12. Na4 Ba7 13. Bg5 Nc6 14. Rad1 h6 15. Bxf6 Qxf6 16. a3 Re8 17. Nc5 Re7 18.
Nd3 Bf5 19. Rfe1 Rae8 20. Qd2 Bg4 21. Nf4 Rd8 22. h3 Bf5 23. Nh2 Be4 24. Ng4 Qf5 25. b4 axb4 26. axb4 Bxg2 27. Nxg2 h5 28. Nh4 Qe6 29. Nh2 Ne5 30. Qg5 g6 31. Nf5 Red7 32.
g4 hxg4 33. Nxg4 Nxg4 34. hxg4 1-0

[Event "*** SCC Grand Prix: Titled Tuesday Blitz"]
[Site "Chess.com"]
[Date "2020.08.11"]
[Round "7"]
[White "ENEASZ"]
[Black "Caterpiller35"]
[Result "1-0"]
[WhiteElo "2577"]
[BlackElo "2404"]
[TimeControl "180+1"]
[EndTime "11:17:40 PDT"]
[Termination "ENEASZ won on time"]

1. e4 c5 2. c3 Nf6 3. e5 Nd5 4. d4 cxd4 5. cxd4 d6 6. Bc4 e6 7. Nf3 Be7 8. O-O O-O 9. Qe2 Nc6 10.
Rd1 Bd7 11. Bd2 Rc8 12. Nc3 Ncb4 13. Ne4 dxe5 14. dxe5 Qb6 15. Rac1 Rxc4 16. Qxc4 Bb5 17. Qb3 Be2 18. Re1 Bxf3 19. Qxf3 Nxa2 20. Ra1 Qxb2 21. Reb1 Qc2 22. Rxb7 a5 23. Bxa5 Nc1 24. Bd2 Nd3 25. Qd1 Qxd1+ 26. Rxd1 Nxe5 27. Be1 Bf6 28. Nxf6+ Nxf6 29. Bc3 Ng6 30. Bxf6 gxf6 31. Rdd7 Kg7 32. g3 f5 33. Kg2 Kf6 34. h4 1-0

[Event "*** SCC Grand Prix: Titled Tuesday Blitz"]
[Site "Chess.com"]
[Date "2020.08.11"]
[Round "7"]
[White "temus_galaktionov"]
[Black "dpopadic"]
[Result "1-0"]
[WhiteElo "2669"]
[BlackElo "2424"]
[TimeControl "180+1"]
[EndTime "11:17:42 PDT"]
[Termination "temus_galaktionov won on time"]

1. d4 Nf6 2. Nf3 g6 3. c4 Bg7 4. Nc3 d6 5. e4 O-O 6. Be2 e5 7. O-O Na6 8. Be3 Ng4 9. Bg5 Qe8 10. Re1 c6 11. h3 f6 12. Bh4 Nh6 13. a3 Qe7 14.
Qd2 Nf7 15. b4 Nc7 16. dxe5 dxe5 17. c5 Be6 18. Red1 Rfd8 19. Qc2 Rxd1+ 20. Rxd1 Rd8 21. Rxd8+ Qxd8 22. Qd2 Qe7 23. Qd1 h5 24. Nd2 Qd7 25. Nc4 Qxd1+ 26. Nxd1 Bxc4 27. Bxc4 Kf8 28. f3 Ke7 29.
Kf1 Ne6 30. Nb2 Bh6 31. Nd3 Be3 32. Ke2 Bd4 33. Kd2 a6 34. Kc2 Be3 35. Ba2 Nd4+ 36.
Kc3 Ne2+ 37. Kb2 Nd4 38. Kc3 Ne2+ 39. Kb3 Nd4+ 40. Ka4 Ne6 41. Nb2 Ned8 42. Nc4 Bd4 43. Nb6 Ng5 44. Bxg5 fxg5 45. g4 h4 46. Bg8 Be3 47. Kb3 Bd4 48. Bc4 Be3 49. Ka4 Bd4 50. Ka5 Bb2 51. Ka4 Bd4 52. Nc8+ Kf6 53. Ka5 Bb2 54.
a4 Bc3 55. Nd6 1-0

[Event "*** SCC Grand Prix: Titled Tuesday Blitz"]
[Site "Chess.com"]
[Date "2020.08.11"]
[Round "7"]
[White "GoldenShare"]
[Black "ChronicUnhappiness"]
[Result "1-0"]
[WhiteElo "2501"]
[BlackElo "2352"]
[TimeControl "180+1"]
[EndTime "11:17:43 PDT"]
[Termination "GoldenShare won by resignation"]

1. e4 c5 2. Nf3 Nc6 3. Bb5 g6 4. O-O Bg7 5. c3 Nf6 6. e5 Nd5 7. Re1 O-O 8. d4 cxd4 9. cxd4 d6 10. Nc3 Nxc3 11. bxc3 Bg4 12. exd6 Qxd6 13. h3 Bf5 14. a4 Rfe8 15. Ba3 Qc7 16. d5 a6 17. Bf1 Na5 18. Rc1 Nc4 19. Bxc4 Qxc4 20. Bxe7 Bd7 21. a5 Rac8 22. Ne5 Qa4 23. Qxa4 Bxa4 24. d6 Bxe5 25. Rxe5 f5 26. Rb1 Rb8 27. Rb4 Bd7 28. Rc5 Rbc8 29. Rxc8 Bxc8 30. Rc4 Kf7 31. Rxc8 Rxc8 32. d7 Rb8 33.
d8=Q Rxd8 34. Bxd8 Ke6 35. Bb6 Kd5 36. Kf1 Kc4 37. Ke2 Kxc3 38. Ke3 Kc2 39. Kf4 Kd3 40. Kg5 Ke2 41. Kh6 Kf1 42. Kxh7 Kxg2 43. Kxg6 Kxh3 44.
Kxf5 1-0

[Event "*** SCC Grand Prix: Titled Tuesday Blitz"]
[Site "Chess.com"]
[Date "2020.08.11"]
[Round "7"]
[White "hongnhung1234"]
[Black "realmadridtv"]
[Result "0-1"]
[WhiteElo "2268"]
[BlackElo "2468"]
[TimeControl "180+1"]
[EndTime "11:17:43 PDT"]
[Termination "realmadridtv won by checkmate"]

1. e4 e5 2. Nf3 Nc6 3. d4 exd4 4. Nxd4 Nf6 5. Nc3 Bb4 6. Nxc6 bxc6 7. Bd3 d5 8. exd5 O-O 9. O-O Bg4 10. Be2 Bxe2 11.
Nxe2 cxd5 12. b3 h6 13. Bb2 Re8 14. Nd4 Qd7 15. Qd3 Bd6 16. Nf5 Be5 17. c3 Ne4 18. Ng3 Rad8 19. Rad1 Nxg3 20. hxg3 c6 21. Rfe1 Bf6 22.
Ba3 Rxe1+ 23. Rxe1 Re8 24. Rd1 Qe6 25. Bc5 a6 26. Qxa6 Bxc3 27. Be3 d4 28. Bxd4 Qg4 29. Rc1 Bxd4 30. Qxc6 Re2 31. Qc8+ Qxc8 32. Rxc8+ Kh7 33.
a4 Rxf2 34. Kh2 Rb2 35. Rb8 Be5 36. Rb5 f6 37. a5 Ra2 38. b4 Ra3 39. Rb7 Bxg3+ 40.
Kg1 Ra1# 0-1

[Event "*** SCC Grand Prix: Titled Tuesday Blitz"]
[Site "Chess.com"]
[Date "2020.08.11"]
[Round "7"]
[White "Zarikovs1999"]
[Black "icychess54"]
[Result "0-1"]
[WhiteElo "2360"]
[BlackElo "2238"]
[TimeControl "180+1"]
[EndTime "11:17:43 PDT"]
[Termination "icychess54 won by checkmate"]

1. c4 c6 2. g3 d5 3. cxd5 cxd5 4. Bg2 Nf6 5. Nf3 Nc6 6. O-O Bf5 7. d4 e6 8. Nc3 Be7 9. b3 h6 10. Bb2 O-O 11.
a3 Rc8 12. Rc1 Na5 13. Na4 Ne4 14. Nd2 Nxd2 15. Rxc8 Qxc8 16. Qxd2 Nxb3 17. Qe3 Na5 18. Bxd5 Qc2 19. Qc3 exd5 20. Qxa5 Bd7 21. Nc5 Bxc5 22. Qxc5 Qxb2 23. Qxd5 Bc6 24. Qd6 Qxe2 25. d5 Qd3 26.
Qf4 Qxd5 27. f3 Re8 28. Rf2 Qd1+ 29. Kg2 Re2 30. Rxe2 Qxe2+ 31. Kh3 Qxf3 32. Qb8+ Kh7 33. Qxa7 Qf5+ 34. g4 Qf3+ 35. Kh4 Qg2 36. Kh5 Qh3# 0-1

[Event "*** SCC Grand Prix: Titled Tuesday Blitz"]
[Site "Chess.com"]
[Date "2020.08.11"]
[Round "7"]
[White "Zarinur"]
[Black "beatnoguera"]
[Result "1-0"]
[WhiteElo "2153"]
[BlackElo "1810"]
[TimeControl "180+1"]
[EndTime "11:17:43 PDT"]
[Termination "Zarinur won by resignation"]

1. e4 c5 2. Nf3 Nc6 3. Bb5 g6 4. O-O Bg7 5. Nc3 a6 6. Bxc6 dxc6 7. d3 e5 8. h3 Ne7 9. a3 O-O 10. b4 cxb4 11. axb4 Be6 12. Be3 Qc7 13. Na4 Nc8 14.
Qe2 f6 15. d4 b5 16. Nc5 Bc4 17. Nd3 Nd6 18. dxe5 Nxe4 19. Bd4 f5 20. Nd2 Nxd2 21. Qxd2 Rad8 22. Qc3 Bxd3 23. cxd3 Rxd4 24. Qxd4 Bxe5 25. Qc5 Bxa1 26. Rxa1 Qc8 27. Qb6 Rd8 28. d4 Qd7 29. Rd1 Ra8 30. Qc5 a5 31. d5 axb4 32. Qxb4 Ra4 33. Qb3 c5 34. d6+ c4 35. Qf3 Ra6 36.
Qd5+ Kg7 37. Qe5+ Kf7 38. Qh8 Ke6 39. Qg8+ Qf7 40. Qc8+ Qd7 41. Qxa6 c3 42. Qa2+ Kf6 43. Qb3 Qc6 44. Rc1 Qxd6 45. Qxc3+ Kf7 46. Qc7+ Qxc7 47. Rxc7+ Kf6 48. Rb7 1-0

[Event "*** SCC Grand Prix: Titled Tuesday Blitz"]
[Site "Chess.com"]
[Date "2020.08.11"]
[Round "7"]
[White "Savva09022009"]
[Black "FMalexhdez"]
[Result "1-0"]
[WhiteElo "2334"]
[BlackElo "2190"]
[TimeControl "180+1"]
[EndTime "11:17:44 PDT"]
[Termination "Savva09022009 won on time"]

1. e4 c5 2. Nf3 d6 3. d4 cxd4 4. Nxd4 Nf6 5. Nc3 a6 6. Be3 e5 7. Nb3 Be6 8. f3 Nbd7 9. Qd2 Rc8 10. O-O-O b5 11. g4 Nb6 12. g5 Nfd7 13. Kb1 Nc4 14. Bxc4 bxc4 15. Nc1 Qa5 16. f4 exf4 17. Bxf4 Ne5 18.
Qd4 Be7 19. Nd5 Bxd5 20. exd5 O-O 21. Bxe5 dxe5 22. Qxe5 c3 23. Nb3 Qd8 24. h4 Bd6 25. Qd4 cxb2 26. h5 Qc7 27. Rd2 Bf4 28. Rf2 Bxg5 29. h6 gxh6 30. Rg2 f6 31. d6 Qb7 32. Rhg1 Qc6 33. d7 Rcd8 34. Rd2 Rf7 35. Nc5 Kh8 36.
Re2 Rff8 37. Rge1 Qf3 38. Ne6 1-0

[Event "*** SCC Grand Prix: Titled Tuesday Blitz"]
[Site "Chess.com"]
[Date "2020.08.11"]
[Round "7"]
[White "rynos0411"]
[Black "JonasHilwerda"]
[Result "0-1"]
[WhiteElo "2330"]
[BlackElo "2225"]
[TimeControl "180+1"]
[EndTime "11:17:45 PDT"]
[Termination "JonasHilwerda won by resignation"]

1. d4 Nf6 2. c4 e5 3. dxe5 Ng4 4. Bf4 g5 5. Bg3 Nc6 6. Nf3 Bg7 7. Nc3 Ngxe5 8. e3 d6 9. Be2 Be6 10. Nxe5 Nxe5 11. O-O h5 12. h3 g4 13. h4 Ng6 14. c5 dxc5 15. Qa4+ c6 16. Ne4 Be5 17. Nxc5 Bxg3 18. fxg3 Qd6 19. Nxe6 Qxe6 20. Bc4 Qxe3+ 21. Kh2 O-O-O 22. Bxf7 Ne5 23. Rae1 Qc5 24. b4 Qd4 25. Be6+ Kb8 26. Rf4 Qc3 27. Rfe4 Nd3 28. R1e3 Rhf8 29. b5 Rf1 30. bxc6 Nf2 31. Re1 Rxe1 32. Rxe1 Qxe1 33.
Qf4+ Ka8 34. cxb7+ Kxb7 35. Qf7+ Kb6 36. Qxf2+ Qxf2 0-1

[Event "*** SCC Grand Prix: Titled Tuesday Blitz"]
[Site "Chess.com"]
[Date "2020.08.11"]
[Round "7"]
[White "Karina_Ivanova"]
[Black "gagtemp"]
[Result "1-0"]
[WhiteElo "2213"]
[BlackElo "1955"]
[TimeControl "180+1"]
[EndTime "11:17:45 PDT"]
[Termination "Karina_Ivanova won by resignation"]

1. d4 d5 2. Nf3 e6 3. g3 c5 4.
c4 Nc6 5. Bg2 Nf6 6. O-O Be7 7.
Nc3 O-O 8. cxd5 exd5 9. Bg5 cxd4 10. Nxd4 h6 11. Be3 Bg4 12. h3 Be6 13. Rc1 Qd7 14. Kh2 Rfe8 15. Qa4 Rad8 16. Rfd1 Nxd4 17. Qxd7 Rxd7 18.
Bxd4 a6 19. Na4 Ne4 20. Nc5 Bxc5 21. Bxc5 Rc7 22. Bb6 Rxc1 23. Rxc1 Nd6 24. Rc7 Rc8 25. Rxc8+ Nxc8 26. Bc5 b6 27. Bd4 b5 28. Bc5 f6 29.
g4 Kf7 30. f4 g6 31. Kg3 Ne7 32. Kf2 Nc6 33. Ke3 f5 34. g5 hxg5 35. fxg5 Na5 36. b3 Nc6 37. h4 Ne5 38. Kf4 Nc6 39. Bf3 Ke8 40. h5 gxh5 41. Bxh5+ Kd7 42. g6 Ne7 43. Bxe7 Kxe7 44. Ke5 a5 45. g7 a4 46. bxa4 bxa4 47.
a3 Bf7 48. Kxf5 Bg8 49. Ke5 Kd7 50. Kf6 Kc6 51. Bf7 Bh7 52. Kg5 Kd7 53. Kh6 Bg8 54. Bxg8 1-0